 Dungeon Crawl Stone Soup version 0.22-a0-348-gd16d139 (webtiles) character file.

137 Auros the Digger (level 5, -7/45 HPs)
             Began as a Troll Earth Elementalist on Apr 4, 2018.
             Mangled by an ogre
             ... wielding a +0 giant club
              (24 damage)
             ... on level 3 of the Dungeon on Apr 7, 2018.
             The game lasted 00:16:59 (2789 turns).

Auros the Digger (Troll Earth Elementalist)         Turns: 2789, Time: 00:17:00

Health: -7/45      AC:  5    Str: 16    XL:     5   Next: 0%
Magic:  7/7        EV: 10    Int: 12    God:
Gold:   97         SH:  0    Dex: 13    Spells: 7/8 levels left

rFire    . . .     SeeInvis .     - Unarmed
rCold    . . .     Gourm    +   (no shield)
rNeg     + . .     Faith    .   a - +0 animal skin
rPois    .         Spirit   .   (helmet restricted)
rElec    .         Reflect  .   j - scarf {repulsion}
rCorr    .         Harm     .   (gloves unavailable)
MR       .....                  (boots unavailable)
Stlth    ++........             (no amulet)
HPRegen  0.55/turn              w - ring of positive energy
MPRegen  0.10/turn              v - +3 ring of dexterity

@: repel missiles
A: large, unfitting armour, claws 3, fast metabolism 3, gourmand, regeneration
1, shaggy fur 1, tough skin 2
a: no special abilities


You were on level 3 of the Dungeon.
You were completely stuffed.

You visited 1 branch of the dungeon, and saw 4 of its levels.

You collected 97 gold pieces.

Inventory:

Hand Weapons
 n - a +0 dagger
 o - a +0 dagger
 r - a +3 spear of piercing
Missiles
 f - 20 bolts
 z - 71 stones (quivered)
 A - 6 curare-tipped needles
Armour
 a - a +0 animal skin (worn)
 c - a +0 robe
 j - a scarf of repulsion (worn)
Jewellery
 e - an uncursed ring of protection from fire
 v - a +3 ring of dexterity (right claw)
 w - a ring of positive energy (left claw)
Scrolls
 i - a scroll of remove curse
 l - a scroll of teleportation {unknown}
 p - a scroll of random uselessness {unknown}
 t - a scroll of identify
 u - a scroll of fear {unknown}
 x - a scroll of amnesia {unknown}
 y - a scroll of fog
Potions
 g - a potion of heal wounds
 h - 2 potions of curing {unknown}
 k - a potion of lignification {unknown}
 m - a potion of agility {unknown}
 s - a potion of might {unknown}
Comestibles
 d - 8 rations
 q - 3 chunks of flesh


   Skills:
 - Level 1.5 Dodging
 - Level 1.0 Stealth
 + Level 2.1 Unarmed Combat
 - Level 2.0 Spellcasting
   Level 0.6 Transmutations
 - Level 4.1 Earth Magic


You had 7 spell levels left.
You knew the following spells:

 Your Spells              Type           Power        Failure   Level  Hunger
a - Sandblast             Erth           ##....       4%          1    ##.....


Dungeon Overview and Level Annotations

Branches:
Dungeon (4/15)
 Temple: D:4-7

Altars:
Nemelex Xobeh
Vehumet


Innate Abilities, Weirdness & Mutations

You are too large for most types of armour.
You have claws for hands.
Your metabolism is lightning-fast.
You like to eat raw meat.
Your natural rate of healing is unusually fast.
You are covered in fur. (AC +1)
You have very tough skin. (AC +2)


Message History

The jackal bites you but does no damage.
The ogre hits you with a giant club.
The jackal bites you but does no damage.
There is a stone staircase leading up, spattered with blood here.
You see here 4 tomahawks.
The orc hits you with a hand axe of freezing.
The orc freezes you. The jackal bites you.
The orc wizard casts a cantrip, but nothing happens.
The ogre hits you with a giant club!!
Ouch! That really hurt!
You climb upwards.
There is a stone staircase leading down, spattered with blood here.
You see here a -2 blowgun.
You barely miss the jackal.
The jackal bites you but does no damage.
The orc hits you but does no damage.
The orc wizard hits you but does no damage.
The ogre hits you with a giant club!!
Ouch! That really hurt!
You die...

# #####.######...#...###..#.##.#
####.....# #..#.#..###..#.##.#
..)...#### #..#.#..........<.#
####.## #[.#.#..#####...### # ###
#..#.#..# #...# ### #.......#
#...### ..# ######## ####.####
#...... #.#
#......###o.h...######...###
#)####......##.o@#.#...).........
.....#.........#O#.....<.........
#.##.#......#..........<)........
#.##.#......#.#.#.#..####.#......
#.##.########.#..###.## #.#...#.#
#.##.# #.#.## ##.# #.#...#.#
#.##.## #.#..###.## #.#...#.#
......##### #.....#.## #.#...#.#
..#.......###.###...# #.......#


You could see an ogre, an orc wizard, an orc and a jackal.

Vanquished Creatures
  5 adders
  3 gnolls (D:2)
  An ooze (D:1)
  A worm (D:3)
  2 dart slugs (D:3)
  5 orcs (D:3)
  2 bats (D:2)
  A giant cockroach (D:1)
  7 hobgoblins
  2 jackals
  4 quokkas
  A ball python (D:1)
  2 frilled lizards
  5 goblins
  4 kobolds
  4 rats
49 creatures vanquished.

Vanquished Creatures (others)
  Robin (D:2)
  9 goblins (D:2)
  3 jackals (D:2)
13 creatures vanquished.

Grand Total: 62 creatures vanquished

Notes
Turn   | Place    | Note
-------+----------+-------------------------------------------
     0 | D:1      | Auros the Troll Earth Elementalist began the quest for the Orb.
     0 | D:1      | Reached XP level 1. HP: 16/16 MP: 1/1
   331 | D:1      | Reached skill level 3 in Earth Magic
   353 | D:1      | Reached XP level 2. HP: 24/24 MP: 1/3
   880 | D:2      | Killed Robin
   940 | D:2      | Found a faded altar of an unknown god.
  1020 | D:2      | Reached XP level 3. HP: 31/31 MP: 4/4
  1226 | D:2      | Found a sparkling altar of Nemelex Xobeh.
  1515 | D:2      | Found a radiant altar of Vehumet.
  1742 | D:2      | Upgraded the game from 0.22-a0-322-g60b3cfd to 0.22-a0-348-gd16d139
  1868 | D:2      | Reached XP level 4. HP: 31/39 MP: 3/6
  1870 | D:2      | Reached skill level 4 in Earth Magic
  2275 | D:3      | Reached skill level 1 in Unarmed Combat
  2716 | D:4      | Noticed an ogre
  2741 | D:3      | Reached XP level 5. HP: 21/45 MP: 5/7
  2789 | D:3      | Mangled by an ogre

Vault maps used:
D:1:      minmay_arrival_stair_chambers
D:2:      nemelex_xobeh_ov_fountains_minmay, fiery_altar_vehumet,
          chequers_ecumenical_altar_simple_redux, minmay_misc_feat_doors,
          uniq_robin
D:3:      kennysheep_generic_room_15
D:4:      first_ration

Skill      XL: |  1  2  3  4 |
---------------+-------------+-----
Earth Magic    | 3 4 |  4.1
Spellcasting   | 2 |  2.0
Unarmed Combat | 2 |  2.1
Dodging        | |  1.5
Stealth        | |  1.0
Transmutations | |  0.6

Action                   |  1- 3 |  4- 6 || total
-------------------------+-------+-------++-------
Melee: Unarmed           |    98 |    71 ||   169
       Dagger            |    17 |       ||    17
 Cast: Sandblast         |     7 |     6 ||    13
  Use: Scroll            |     4 |     1 ||     5
 Stab: Sleeping          |     3 |     2 ||     5
  Eat: Chunk             |    22 |    10 ||    32
Armor: Robe              |    54 |     8 ||    62
       Animal skin       |       |    14 ||    14
Dodge: Dodged            |    82 |    42 ||   124
       Deflected         |     1 |     3 ||     4

Table legend:
 A = Spawn XP
 B = Non-spawn XP
 C = Spawn XP percentage of total XP
 D = Spawn monster count
 E = Non-spawn monster count
 F = Spawn count percentage of total count
 G = Total turns spent on level
                    A         B        C        D         E        F      G
               +---------+---------+-------+---------+---------+-------+---------
         Total |       0 |     196 |   0.0 |       0 |      49 |   0.0 |  2789
               +---------+---------+-------+---------+---------+-------+---------
           D:1 |       0 |      14 |   0.0 |       0 |       6 |   0.0 |   878
           D:2 |       0 |     107 |   0.0 |       0 |      20 |   0.0 |   996
           D:3 |       0 |      75 |   0.0 |       0 |      23 |   0.0 |   887
               +---------+---------+-------+---------+---------+-------+---------
